 Dungeon Crawl Stone Soup version 0.29-a0-632-g781b4ac09e (webtiles) character file.

Game seed: 10389856303713212570

615 CrazyBamboolord the Cutter (level 7, 0/44 HPs)
             Began as a Kobold Fighter on June 19, 2022.
             Was a Follower of Uskayaw.
             Succumbed to a scorpion's poison
             ... on level 4 of the Dungeon.
             The game lasted 00:08:11 (6203 turns).

CrazyBamboolord the Cutter (Kobold Fighter)         Turns: 6203, Time: 00:08:12

Health: 0/44       AC: 10    Str: 14    XL:     7   Next: 73%
Magic:  7/7        EV: 12    Int:  9    God:    Uskayaw [*.....]
Gold:   279        SH:  7    Dex: 16    Spells: 6/6 levels left

rFire   . . .      SeeInvis .   a - +0 rapier
rCold   + . .      Faith    .   c - +1 buckler
rNeg    . . .      Spirit   .   b - +0 scale mail
rPois   .          Reflect  .   (no helmet)
rElec   .          Harm     .   (no cloak)
rCorr   .          Rampage  .   (no gloves)
Will    .....                   (no boots)
Stlth   +.........              (no amulet)
HPRegen 0.14/turn               o - +4 ring of protection
MPRegen 0.10/turn               (no ring)

@: lethally poisoned (0 -> -2), weak-willed, studying Dodging
A: small, no large weapons, nightstalker 3, cold resistance 1
a: Renounce Religion, Stomp


You were on level 4 of the Dungeon.
You worshipped Uskayaw.
Uskayaw was noncommittal.
You visited 2 branches of the dungeon, and saw 5 of its levels.

You collected 279 gold pieces.

Inventory:

Hand Weapons
 a - a +0 rapier (weapon)
Armour
 b - a +0 scale mail (worn)
 c - a +1 buckler (worn)
Jewellery
 o - a +4 ring of protection (left hand)
Wands
 p - a wand of digging (6)
Scrolls
 f - 2 scrolls of magic mapping
 l - a scroll of enchant armour
 q - a scroll of fear
Potions
 e - a potion of cancellation


   Skills:
 * Level 4.8 Fighting
 * Level 7.4 Short Blades
 + Level 3.3 Armour
 * Level 2.8 Dodging
 + Level 0.5 Stealth
 + Level 3.1 Shields


You had 6 spell levels left.
You didn't know any spells.
Your spell library contained the following spells:

 Spells                   Type           Power      Damage    Failure   Level
 Beastly Appendage        Tmut           0%         N/A       94%         1
 Magic Dart               Conj           0%         1d3       94%         1
 Call Imp                 Summ           0%         N/A       98%         2
 Wereblood                Tmut           0%         N/A       98%         2
 Mephitic Cloud           Conj/Pois/Air  0%         N/A       100%        3
 Spider Form              Tmut/Pois      0%         N/A       100%        3


Dungeon Overview and Level Annotations

Branches:
Dungeon (4/15)             Temple (1/1) D:4

Altars:
Nemelex Xobeh
Uskayaw
Wu Jian

Annotations:
D:4 Menkaure


Innate Abilities, Weirdness & Mutations

You are small and have problems with some larger weapons.
You are completely attuned to the shadows.
Your flesh is cold resistant. (rC+)


Message History

You hit the scorpion.
You kill the scorpion!
* * * LOW HITPOINT WARNING * * *
You feel very sick.
You can now pass through a line of other dancers.
* * * LOW HITPOINT WARNING * * *
You feel sick.
You see here a scorpion corpse.
Unknown command.
There is a lethal amount of poison in your body!
There is a lethal amount of poison in your body!
Really quaff the potion of mutation?
You feel extremely strange.
You feel weaker.
You feel agile.
You feel resistant to cold.
* * * LOW HITPOINT WARNING * * *
You feel sick.
Drinking this now will have no effect.
As you read the scroll labelled HIR YNAUHIPP, it crumbles to dust.
It is a scroll of amnesia.
You feel forgetful for a moment.
* * * LOW HITPOINT WARNING * * *
You feel sick.
This is a scroll of acquirement!
You see here a manual of Dodging.
Something appears at your feet!
* * * LOW HITPOINT WARNING * * *
You feel sick.
You pick up a manual of Dodging and begin studying.
* * * LOW HITPOINT WARNING * * *
You feel sick.
You can no longer pass through a line of other dancers.
As you read the scroll labelled QUFUAQO FAUC, it crumbles to dust.
Wisps of shadow whirl around you...
It was a scroll of summoning.
* * * LOW HITPOINT WARNING * * *
You feel sick.
As you read the scroll labelled PIBICA DAAXIET, it crumbles to dust.
Magic quickly surges around you.
It was a scroll of vulnerability.
* * * LOW HITPOINT WARNING * * *
You feel sick.
There is a lethal amount of poison in your body!
You die...

# .#
###########.##
....S@r.......
#########.#.##.
..........
....#.#.##.
##..........
.............
##............
..............
#.....†.......


You could see a friendly quokka (summoned, weak-willed) and a friendly ball
python (summoned, weak-willed).

Vanquished Creatures
  Sigmund (D:4)
  A black bear (D:3)
  A scorpion (D:4)
  A howler monkey (D:3)
  2 hounds (D:4)
  2 orc wizards (D:4)
  4 adders
  3 gnolls
  A worm (D:2)
  4 dart slugs
  3 orcs (D:4)
  6 ball pythons
  11 endoplasms
  5 giant cockroaches
  7 goblins
  8 hobgoblins
  3 bats
  3 frilled lizards
  10 kobolds
  8 rats
84 creatures vanquished.

Notes
Turn   | Place    | Note
-------+----------+-------------------------------------------
     0 | D:1      | CrazyBamboolord the Kobold Fighter began the quest for the
                  | Orb.
     0 | D:1      | Reached XP level 1. HP: 14/14 MP: 1/1
   146 | D:1      | Reached XP level 2. HP: 19/19 MP: 2/2
   516 | D:1      | Reached skill level 3 in Short Blades
   775 | D:1      | Reached XP level 3. HP: 24/24 MP: 3/3
   824 | D:1      | Reached skill level 1 in Dodging
  1537 | D:2      | Reached XP level 4. HP: 26/29 MP: 4/4
  2269 | D:2      | Found a faded altar of an unknown god.
  2285 | D:2      | Identified the +1 robe of Noughts and Crosses {rPois rF+
                  | Str-4 Slay+2}
  2520 | D:3      | Found an ornate altar of the Wu Jian Council.
  2524 | D:3      | Noticed a spectral centipede
  2524 | D:3      | Noticed a spectral black mamba
  2524 | D:3      | Noticed a spectral cane toad
  3412 | D:2      | Reached skill level 4 in Short Blades
  3412 | D:2      | Reached XP level 5. HP: 6/33 MP: 5/5
  4541 | D:4      | Noticed a black bear
  4870 | D:3      | Reached skill level 5 in Short Blades
  5406 | D:3      | Killed a black bear
  5407 | D:3      | Reached XP level 6. HP: 14/39 MP: 6/6
  5683 | D:4      | Reached skill level 6 in Short Blades
  5707 | D:4      | Reached XP level 7. HP: 32/44 MP: 7/7
  5822 | D:4      | Found a staircase to the Ecumenical Temple.
  5837 | Temple   | Entered the Ecumenical Temple
  5844 | Temple   | Became a worshipper of Uskayaw the Reveller
  5892 | D:4      | Noticed Menkaure
  5910 | D:4      | Noticed Sigmund
  5912 | D:4      | Gained mutation: Your muscles are strong. (Str +4,
                  | Int/Dex-1) [potion of mutation]
  5912 | D:4      | Gained mutation: You are clumsy. (Dex -2) [potion of
                  | mutation]
  5917 | D:4      | Reached * piety under Uskayaw
  5922 | D:4      | Reached ** piety under Uskayaw
  5949 | D:4      | Reached *** piety under Uskayaw
  5950 | D:4      | Killed Sigmund
  5951 | D:4      | Reached skill level 7 in Short Blades
  6197 | D:4      | Lost mutation: Your muscles are strong. (Str +4, Int/Dex-1)
                  | [potion of mutation]
  6197 | D:4      | Lost mutation: You are clumsy. (Dex -2) [potion of
                  | mutation]
  6197 | D:4      | Gained mutation: Your flesh is cold resistant. (rC+)
                  | [potion of mutation]
  6199 | D:4      | Identified a scroll of acquirement
  6199 | D:4      | Acquired a manual of Dodging
  6201 | D:4      | HP: 2/44 [poisoned by a scorpion]
  6203 | D:4      | Succumbed to a scorpion's poison

Illustrated notes

Levels and vault maps discovered:
D:1:      dpeg_arrival_tiny_h, layout_basic, ebering_dispersal_statue_hall,
          minmay_quantized
D:2:      layout_basic, hellmonk_ecumenical_altar_lost_god
D:3:      layout_basic, pdpol_wu_jian_five_deadly_venoms,
          minmay_fractal_squares_gapless_5
D:4:      layout_basic, minmay_temple_entry_slanted, uniq_menkaure,
          uniq_blork_the_orc, uniq_sigmund
Temple:   cyrus_circular_temple

Skill      XL: |  1  2  3  4  5  6  7 |
---------------+----------------------+-----
Short Blades   | 3 4 5 6 7 |  7.4
Dodging        | 1 2 |  2.8
Fighting       | 4 |  4.8
Armour         | 3 |  3.3
Shields        | 3 |  3.1
Stealth        | |  0.5

Action                   |  1- 3 |  4- 6 |  7- 9 || total
-------------------------+-------+-------+-------++-------
Melee: Rapier            |   101 |   201 |    53 ||   355
  Use: Scroll            |     1 |     9 |     8 ||    18
       Potion            |       |     1 |     4 ||     5
 Stab: Paralysed         |       |       |     1 ||     1
Armor: Scale mail        |    30 |    62 |    23 ||   115
Dodge: Dodged            |    34 |    86 |    34 ||   154
Block: Buckler           |    16 |    89 |    22 ||   127

Table legend: (Time is in decaauts)
 A = Elapsed time spent in this place.
 B = Non-inter-level travel time spent in this place.
 C = Inter-level travel time spent in this place.
 D = Time resting spent in this place.
 E = Time spent auto-exploring this place.
 F = Levels seen in this place.
 G = Mean time per level.
                   A        B        C        D        E       F      G
               +--------+--------+--------+--------+--------+-----+--------+
         Total |   6221 |   6075 |    146 |   1796 |   3412 |   5 | 1244.2 |
       Dungeon |   6208 |   6062 |    146 |   1796 |   3412 |   4 | 1552.0 |
        Temple |     12 |     12 |      0 |      0 |      0 |   1 |   12.0 |
               +--------+--------+--------+--------+--------+-----+--------+

Top non-repeatable levels by time:
     D:3: 2533 daAuts
     D:2: 1610 daAuts
     D:1: 1333 daAuts
     D:4: 730 daAuts
  Temple: 12 daAuts
